 Dungeon Crawl Stone Soup version 0.30-b1-2-g02819fbbbe (webtiles) character file.

Game seed: 11837974815510903408

90071 sanka the Warrior (level 15, 0/183 HPs)
             Began as an Ogre Delver on May 10, 2023.
             Was a High Priest of Okawaru.
             Slain by an efreet
             ... wielding a +2 scimitar of flaming
              (15 damage)
             ... on level 15 of the Dungeon.
             The game lasted 01:16:35 (33521 turns).

sanka the Warrior (Ogre Delver)                    Turns: 33521, Time: 01:16:36

Health: 0/183      AC: 11    Str: 26    XL:     15   Next: 99%
Magic:  22/22      EV:  8    Int: 11    God:    Okawaru [*****.]
Gold:   2434       SH:  0    Dex: 10    Spells: 14/14 levels left

rFire   . . .        b - +1 giant spiked club (spect)
rCold   . . .        (shield currently unavailable)
rNeg    + + .        g - +0 shadow dragon scales "Ugysiq" {*Corrode +Blink rN++ Will+ Stlth++++}
rPois   +            t - +1 hat
rElec   .            N - +2 cloak {Stlth+}
rCorr   .            (gloves unavailable)
SInv    .            (boots unavailable)
Will    +++..        F - amulet of the acrobat
Stlth   ++++         S - ring of poison resistance
HPRegen 0.50/turn    O - ring of willpower
MPRegen 0.18/turn

%: corrode self (3%), acrobat
@: about to teleport, marked, corroded
A: large, unfitting armour, tough skin 1
a: Renounce Religion, Evoke Blink, Heroism, Finesse, Duel


You were on level 15 of the Dungeon.
You worshipped Okawaru.
Okawaru was extremely pleased with you.
You visited 4 branches of the dungeon, and saw 23 of its levels.
You also visited: Ossuary and Volcano.

You collected 2823 gold pieces.
You spent 389 gold pieces at shops.

Inventory:

Hand Weapons
 a - a +0 vampiric giant spiked club
 b - a +1 spectral giant spiked club (weapon)
 y - the +3 Elemental Staff {rElec rF+ rC+ AC+3}
   (You took it off a deep elf pyromancer on level 8 of the Dungeon)

   It enhances your fire, ice, earth and air magic.
   AC:        It affects your AC (+3).
   rF:        It protects you from fire.
   rC:        It protects you from cold.
   rElec:     It insulates you from electricity.
Missiles
 C - 34 poisoned darts (quivered)
 E - 26 boomerangs
 K - 5 curare-tipped darts {=f}
 P - 2 throwing nets {=f}
 R - 45 large rocks {=f}
Armour
 g - the +0 shadow dragon scales "Ugysiq" (worn) {*Corrode +Blink rN++ Will+ Stlth++++}
   (Okawaru gifted it to you on level 2 of the Orcish Mines)

   rN:        It greatly protects you from negative energy.
   +Blink:    It lets you blink.
   *Corrode:  It may corrode you when you take damage.
   Will:      It increases your willpower.
   Stlth:     It makes you much more stealthy.
 t - a +1 hat (worn)
 N - a +2 cloak of stealth (worn)
 Q - a +0 troll leather armour
Magical Staves
 V - a staff of fire
Jewellery
 h - a ring of positive energy
 p - an amulet of faith
 F - an amulet of the acrobat (around neck)
 O - a ring of willpower (right hand)
 S - a ring of poison resistance (left hand)
 W - a ring of ice
 X - a ring of ice
Wands
 n - a wand of iceblast (6)
 r - a wand of paralysis (35)
 A - a wand of mindburst (14)
 D - a wand of flame (11)
Scrolls
 c - 4 scrolls of fog
 d - 2 scrolls of magic mapping
 e - 3 scrolls of fear
 i - 7 scrolls of blinking
 o - a scroll of acquirement
 q - 6 scrolls of immolation {!r}
 u - 13 scrolls of teleportation {@r4}
 v - 3 scrolls of vulnerability {!r}
 w - a scroll of amnesia
 x - 3 scrolls of noise {!r}
 B - 4 scrolls of enchant armour
 I - 5 scrolls of poison {!r}
 U - a scroll of silence {!r}
 Y - a scroll of identify {@r1}
Potions
 f - 3 potions of haste {@q3}
 j - 2 potions of invisibility
 k - 2 potions of attraction {!q}
 l - 9 potions of lignification {!q}
 m - 9 potions of curing {@q1}
 s - 4 potions of mutation {!q}
 z - a potion of magic {unknown}
 G - 2 potions of cancellation
 H - 3 potions of brilliance
 J - 3 potions of might
 L - 2 potions of heal wounds {@q2}
 M - 2 potions of ambrosia {unknown}
 T - 2 potions of flight {unknown}
 Z - 2 potions of experience {unknown}


   Skills:
 - Level 20.0 Fighting
 - Level 17.0 Maces & Flails
 + Level 7.0 Armour
 - Level 8.0 Dodging
 - Level 3.7 Stealth
 - Level 10.0 Invocations


You had 14 spell levels left.
You didn't know any spells.
Your spell library contained the following spells:

 Spells                   Type           Power      Damage    Failure   Level
 Apportation              Tloc           0%         N/A       88%         1
 Beastly Appendage        Tmut           0%         N/A       88%         1
 Kiss of Death            Conj/Necr      0%         2d5       88%         1
 Necrotise                Necr           0%         1d4       88%         1
 Sting                    Tmut/Pois      0%         1d3       88%         1
 Ensorcelled Hibernation  Hex/Ice        0%         N/A       96%         2
 Passwall                 Tmut/Erth      0%         N/A       96%         2
 Poisonous Vapours        Pois/Air       0%         N/A       96%         2
 Scorch                   Fire           0%         2d5       96%         2
 Sublimation of Blood     Necr           0%         N/A       96%         2
 Wereblood                Tmut           0%         N/A       96%         2
 Confusing Touch          Hex            0%         N/A       99%         3
 Spider Form              Tmut/Pois      0%         N/A       99%         3
 Swiftness                Air            0%         N/A       99%         3
 Cause Fear               Hex            0%         N/A       100%        4
 Dispel Undead            Necr           0%         3d6       100%        4
 Flame Wave               Conj/Fire      0%         2d4       100%        4
 Olgreb's Toxic Radiance  Pois           0%         N/A       100%        4
 Dragon Form              Tmut           0%         N/A       100%        7
 Storm Form               Tmut/Air       0%         N/A       100%        7
 Maxwell's Capacitive Co  Air            0%         āˆž       100%        8
 Summon Small Mammal      Summ           Unusable   N/A       N/A         1
 Summon Lightning Spire   Summ/Air       Unusable   N/A       N/A         4
 Summon Cactus Giant      Summ           Unusable   N/A       N/A         6
 Summon Hydra             Summ           Unusable   N/A       N/A         7
 Dragon's Call            Summ           Unusable   N/A       N/A         9

Dungeon Overview and Level Annotations

Branches:
Dungeon (15/15)            Temple (1/1) D:6            Lair (5/5) D:8
 Shoals (0/4) Lair:2       Spider (0/4) Lair:3        Slime (0/5) Lair:5
    Orc (2/2) D:9             Elf (0/3) Orc:2        Vaults (0/5) D:13
Ossuary (visited)         Volcano (visited)
 Depths: D:15

Altars:
Ashenzari
Cheibriados
Dithmenos
Elyvilon
Fedhas
Gozag
Hepliaklqana
Kikubaaqudgha
Makhleb
Nemelex Xobeh
Okawaru
Qazlal
Ru
Sif Muna
Trog
Uskayaw
Vehumet
Wu Jian
Xom
Yredelemnul
Zin
The Shining One
Jiyva

Shops:
Orc:2 :(?(


Innate Abilities, Weirdness & Mutations

You are too large for most types of armour.
You have tough skin. (AC +1)


Message History

Unknown command.
Unknown command.
You feel much better.
An efreet comes into view.
It is wielding a +2 scimitar of flaming.
Unknown command.
You completely miss the centaur warrior.
Your +1 spectral giant spiked club hits the centaur warrior!!!
Cornered, the centaur turns to fight! x2
The centaur warrior hits your +1 spectral giant spiked club.
Your spectral weapon shares its damage with you!
* * * LOW HITPOINT WARNING * * *
The centaur warrior barely misses your +1 spectral giant spiked club.
The centaur wields a +0 shortbow.
The centaur shoots an arrow.
The arrow hits you.
* * * LOW HITPOINT WARNING * * *
Cornered, the centaur turns to fight!
The centaur warrior barely misses you. x2
Cornered, the centaur turns to fight!
You completely miss the centaur warrior.
The centaur warrior is almost dead.
Your +1 spectral giant spiked club barely misses the centaur warrior.
A centaur comes into view.
The centaur warrior barely misses you.
The centaur warrior kicks you but does no damage.
Cornered, the centaur turns to fight! x3
Unknown command.
Unknown command.
As you read the scroll of teleportation {@r4}, it crumbles to dust.
You feel strangely unstable.
Your +1 spectral giant spiked club disappears.
The centaur unwields a +0 shortbow.
The centaur hits you but does no damage.
The centaur barely misses you. The centaur warrior hits you.
* * * LOW HITPOINT WARNING * * *
The centaur warrior kicks you but does no damage.
The centaur unwields a +0 shortbow.
The centaur hits you.
* * * LOW HITPOINT WARNING * * *
Your corrosive artefact corrodes you!
The centaur barely misses you.
Cornered, the centaur warrior turns to fight!
The efreet hits you with a +2 scimitar of flaming!
You die...

## c# ######.#
#......#
#.###.c#####
#.#<#cā—‹ā—‹...#
#...#ā˜¼####.#
#c#####R###
#ccc...@c.#
########cc.#
cc......c###
########?# #.#
#.# #.# #.# #.#


You could see 2 centaur warriors, an efreet and 9 centaurs.

Vanquished Creatures
  Donald (Orc:2)
  The ghost of Feulaj the Severer, a journeyman MiBe of Trog (Lair:3)
  Josephine (D:11)
  An ettin (Orc:1)
  Erolcha (Orc:2)
  Fannar (D:11)
  An ice dragon (Lair:3)
  2 hydras
  An ogre mage (Orc:2)
  3 two-headed ogres
  4 centaur warriors
  2 boulder beetles
  7 death yaks
  A tengu warrior (D:14)
  Urug (D:11)
  2 orc high priests
  Sonja (Orc:2)
  A hell knight (Volcano)
  9 skeletal warriors
  A skyshark (Lair:3)
  Lodul (D:11)
  A glowing orange brain (D:13)
  4 deep elf pyromancers
  2 orc knights (Orc:2)
  8 ugly things
  8 orc sorcerers (Orc:2)
  12 cyclopes
  2 manticores
  2 salamanders (Volcano)
  3 elephants
  Joseph (D:8)
  An ice statue (Lair:3)
  9 gargoyles
  5 molten gargoyles
  2 torpor snails
  4 cane toads
  4 black mambas
  5 rime drakes
  3 unseen horrors
  2 efreet
  3 ice devils
  A tengu conjurer (D:8)
  6 komodo dragons
  4 trolls
  7 polar bears
  A polar bear (shapeshifter) (D:13)
  12 blink frogs
  A wolf spider simulacrum (D:10)
  A raiju (D:8)
  2 dream sheep (Lair:5)
  5 hornets
  7 slime creatures
  A vampire (D:11)
  A culicivora (shapeshifter) (D:14)
  13 spriggans (Lair:5)
  A shadow (D:11)
  5 wyverns
  8 wraiths
  51 yaks
  2 fire elementals (D:8)
  2 humans (D:6)
  3 basilisks
  3 steam dragons
  15 vampire mosquitoes
  6 wargs
  Edmund (D:4)
  A harpy simulacrum (D:14)
  3 acid dragons
  7 water moccasins
  2 hell hounds (Lair:1)
  12 orc warriors
  A sky beast (D:6)
  An ice beast (D:6)
  5 boggarts (Lair:5)
  4 black bears
  28 wolves
  19 ogres
  6 centaurs
  A phantom (D:5)
  2 kobold brigands (D:9)
  An elf zombie (Ossuary)
  8 bullfrogs
  4 gnoll sergeants
  A two-headed ogre simulacrum (Lair:3)
  4 scorpions
  4 wights
  14 killer bees
  3 electric eels (Lair:1)
  4 howler monkeys
  A human zombie (Ossuary)
  A centaur zombie (Ossuary)
  A gnoll bouda (D:6)
  4 hounds
  20 orc priests
  A jelly (D:7)
  4 iguanas
  2 sleepcaps (D:5)
  36 orc wizards
  A polar bear simulacrum (Lair:3)
  2 mummies (Ossuary)
  Robin (D:1)
  23 gnolls
  5 adders
  2 white imps
  2 ufetubi
  2 adder zombies (Ossuary)
  A worm (D:4)
  4 dart slugs
  95 orcs
  2 bats
  5 endoplasms
  2 giant cockroaches
  2 hobgoblins
  8 jackals
  16 kobolds
  A quokka (D:4)
  8 ball pythons
  6 frilled lizards
  13 goblins
  5 goblin zombies (Ossuary)
  8 hobgoblin zombies (Ossuary)
  8 kobold zombies (Ossuary)
  10 orc zombies (Ossuary)
  7 rats
  A plant (Orc:1)
728 creatures vanquished.

Vanquished Creatures (others)
  11 fungi
  14 plants
  3 spectral weapons
28 creatures vanquished.

Grand Total: 756 creatures vanquished

Notes
Turn   | Place    | Note
-------+----------+-------------------------------------------
     0 | D:5      | sanka the Ogre Delver began the quest for the Orb.
     0 | D:5      | Reached XP level 1. HP: 24/24 MP: 1/1
    39 | D:5      | Noticed an orc priest
   329 | D:4      | Reached XP level 2. HP: 5/32 MP: 2/2
   489 | D:4      | Noticed an ogre
   810 | D:5      | Noticed a phantom
  1067 | D:5      | Reached XP level 3. HP: 14/39 MP: 3/3
  1209 | D:4      | Reached XP level 4. HP: 43/48 MP: 4/4
  1212 | D:4      | Killed an ogre
  1213 | D:4      | Reached XP level 5. HP: 7/54 MP: 5/5
  1565 | D:3      | Reached skill level 5 in Maces & Flails
  2342 | D:1      | Reached XP level 6. HP: 62/62 MP: 6/6
  2996 | D:2      | Noticed Robin
  3268 | D:1      | Killed Robin
  5037 | D:3      | Reached XP level 7. HP: 63/70 MP: 7/7
  5399 | D:4      | Noticed Edmund
  5410 | D:4      | Killed Edmund
  7214 | D:5      | Reached XP level 8. HP: 66/78 MP: 8/8
  7299 | D:5      | Found a glowing golden altar of the Shining One.
  7308 | D:5      | Noticed a wraith
  7317 | D:5      | Killed a wraith
  7522 | D:5      | Identified a scroll of acquirement
  8019 | D:6      | Reached skill level 10 in Maces & Flails
  8021 | D:6      | HP: 3/79 [poisoned by a water moccasin]
  8024 | D:6      | HP: 1/79 [poisoned by a water moccasin]
  8296 | D:6      | Reached skill level 5 in Fighting
  8364 | D:6      | Reached XP level 9. HP: 89/89 MP: 9/9
  8600 | D:6      | Found a staircase to the Ecumenical Temple.
  8611 | Temple   | Entered the Ecumenical Temple
  8886 | D:6      | Reached skill level 6 in Fighting
  8955 | D:6      | Found a blossoming altar of Fedhas.
  9515 | D:7      | Found a sand-covered staircase.
  9521 | Ossuary  | Entered an ossuary
  9656 | Ossuary  | Reached skill level 7 in Fighting
 10289 | D:7      | Found a stormy altar of Qazlal.
 11045 | D:7      | Reached skill level 8 in Fighting
 11601 | D:8      | Noticed Joseph
 11920 | D:8      | Reached XP level 10. HP: 40/106 MP: 10/10
 12124 | D:8      | Killed Joseph
 12125 | D:8      | Reached skill level 9 in Fighting
 12313 | D:8      | Noticed a gargoyle
 12409 | D:8      | Found a staircase to the Lair.
 13890 | D:8      | Reached skill level 10 in Fighting
 14812 | D:9      | Reached XP level 11. HP: 100/119 MP: 11/11
 14832 | D:9      | Found a staircase to the Orcish Mines.
 15097 | D:9      | Reached skill level 11 in Fighting
 15276 | D:9      | Noticed a cyclops
 15281 | D:9      | Killed a cyclops
 15554 | D:10     | Entered Level 10 of the Dungeon
 15580 | D:10     | Paralysed by a hornet for 2 turns
 15609 | D:10     | Identified the +0 robe of Death's Door {Contam rElec rPois
                  | Dex+6}
 16208 | D:10     | Found a hazy altar of Hepliaklqana.
 16208 | D:10     | Found an iron altar of Okawaru.
 16216 | D:10     | Found a faded altar of an unknown god.
 16219 | D:10     | Became a worshipper of Warmaster Okawaru
 16223 | D:10     | Found a basalt altar of Yredelemnul.
 16225 | D:10     | Found a snail-covered altar of Cheibriados.
 16368 | D:9      | Reached skill level 1 in Invocations
 16372 | D:9      | Reached skill level 12 in Fighting
 16642 | D:10     | Reached * piety under Okawaru
 16898 | D:11     | Noticed Urug
 17093 | D:11     | Noticed Lodul
 17182 | D:12     | Noticed a two-headed ogre
 17196 | D:12     | Killed a two-headed ogre
 17223 | D:12     | Noticed a two-headed ogre
 17237 | D:12     | Killed a two-headed ogre
 17237 | D:12     | Reached ** piety under Okawaru
 17238 | D:12     | Reached skill level 13 in Fighting
 17238 | D:12     | Reached XP level 12. HP: 82/136 MP: 12/15
 17309 | D:11     | Noticed Fannar
 17320 | D:11     | Noticed Josephine
 17326 | D:11     | Killed Josephine
 17339 | D:11     | Killed Fannar
 17340 | D:11     | Reached skill level 5 in Invocations
 17654 | D:11     | Killed Urug
 17927 | D:11     | Reached skill level 5 in Dodging
 18233 | Lair:1   | Entered Level 1 of the Lair of Beasts
 18589 | Lair:1   | Found a dark tunnel.
 18654 | Volcano  | Entered a volcano
 18670 | Volcano  | Reached *** piety under Okawaru
 18710 | Volcano  | Reached skill level 14 in Fighting
 18710 | Volcano  | Reached skill level 15 in Maces & Flails
 18936 | Volcano  | Noticed an orb of fire
 18963 | Volcano  | Noticed an orb of fire
 18964 | Volcano  | Noticed a hell knight
 19025 | Volcano  | Reached **** piety under Okawaru
 19103 | Volcano  | Reached XP level 13. HP: 52/148 MP: 13/16
 20690 | Lair:1   | Reached skill level 15 in Fighting
 21181 | Lair:2   | Reached ***** piety under Okawaru
 21286 | Lair:2   | Found a staircase to the Shoals.
 21545 | Lair:3   | Found a hole to the Spider Nest.
 22105 | Lair:3   | Received a gift from Okawaru
 22141 | Lair:3   | Found a runed translucent door.
 22141 | Lair:3   | Noticed Feulaj's ghost (journeyman MiBe)
 22319 | Lair:3   | Noticed an ice dragon
 22896 | Lair:3   | Killed an ice dragon
 23109 | Lair:3   | Reached XP level 14. HP: 146/161 MP: 17/17
 23554 | Lair:4   | Reached skill level 16 in Fighting
 24792 | Lair:3   | Killed Feulaj's ghost
 25165 | Lair:5   | Entered Level 5 of the Lair of Beasts
 25342 | Lair:5   | Reached skill level 17 in Fighting
 25528 | Lair:5   | Received a gift from Okawaru
 25635 | Lair:5   | Found a staircase to the Slime Pits.
 25636 | Lair:5   | Found a viscous altar of Jiyva.
 26126 | Lair:5   | Reached skill level 18 in Fighting
 26856 | Orc:1    | Entered Level 1 of the Orcish Mines
 27738 | Orc:2    | Entered Level 2 of the Orcish Mines
 27759 | Orc:2    | Reached XP level 15. HP: 90/178 MP: 21/21
 28069 | Orc:2    | Noticed Donald
 28198 | Orc:2    | Killed Donald
 28241 | Orc:2    | Noticed Sonja
 28254 | Orc:2    | Killed Sonja
 28280 | Orc:2    | Found a staircase to the Elven Halls.
 28565 | Orc:2    | Reached skill level 19 in Fighting
 28773 | Orc:2    | Found Cewuil's Book Boutique.
 28805 | Orc:2    | Found a radiant altar of Vehumet.
 28809 | Orc:2    | Noticed Erolcha
 28825 | Orc:2    | Killed Erolcha
 28825 | Orc:2    | Received a gift from Okawaru
 28864 | Orc:2    | Found Lifubb's Antique Weapon Shop.
 28879 | Orc:2    | Found an ancient bone altar of Kikubaaqudgha.
 28906 | Orc:2    | Reached skill level 10 in Invocations
 28943 | Orc:2    | Found Bobeygg's Antique Weapon Shop.
 29001 | Orc:2    | Identified the +0 shadow dragon scales "Ugysiq" {*Corrode
                  | +Blink rN++ Will+ Stlth++++} (Okawaru gifted it to you on
                  | level 2 of the Orcish Mines)
 29001 | Orc:2    | Received a gift from Okawaru
 29011 | Orc:2    | Found Zig Gyty's Magic Scroll Boutique.
 29099 | Orc:2    | Bought a scroll of blinking for 112 gold pieces
 29099 | Orc:2    | Bought a scroll of enchant weapon for 112 gold pieces
 29099 | Orc:2    | Bought a scroll of teleportation for 45 gold pieces
 29099 | Orc:2    | Bought a scroll of identify for 30 gold pieces
 29099 | Orc:2    | Bought a scroll of identify for 30 gold pieces
 29099 | Orc:2    | Bought a scroll of identify for 30 gold pieces
 29099 | Orc:2    | Bought a scroll of identify for 30 gold pieces
 29236 | D:11     | Killed Lodul
 29373 | D:12     | Reached skill level 1 in Armour
 30795 | D:13     | Found a gate to the Vaults.
 31023 | D:13     | Found a sparkling altar of Nemelex Xobeh.
 31229 | D:13     | Reached skill level 20 in Fighting
 31651 | D:13     | Reached skill level 5 in Armour
 31862 | D:13     | Received a gift from Okawaru
 32204 | D:14     | Received a gift from Okawaru
 33245 | D:14     | Found a white marble altar of Elyvilon.
 33488 | D:15     | Entered Level 15 of the Dungeon
 33521 | D:15     | Slain by an efreet

Illustrated notes

Levels and vault maps discovered:
D:1:      heliophobic_arrival_glass_houses, layout_loops_ring
D:2:      layout_rooms, minmay_shallow_snake_nest, uniq_robin
D:3:      minmay_door_path, layout_rooms
D:4:      layout_loops_corners, uniq_edmund
D:5:      layout_loops_corners, tso_oasis_becter
D:6:      layout_loops_corners, mainiacjoe_overflow_cross_hatched,
          minmay_temple_entry_overgrown, dk_noncrumbling_3, minmay_ruffians
D:7:      layout_layer_cave, nicolae_qazlal_general_emergency,
          nicolae_ossuary_entry_plus, minivault_22, minmay_increasing_density
D:8:      black_bear_nest_2, layout_gridville, erik_lair_orcish_takeover,
          supply_closet_lemuel, dilly_guarded_unrand_elemental_staff,
          uniq_joseph
D:9:      layout_cave_pools, david_orc_2, serial_co_window_serial,
          co_window_paths_b, co_window_corner_a, co_window_paths_a,
          co_window_cross_1, co_window_paths_a, co_window_paths_a,
          co_window_paths_b, co_window_paths_c, co_window_of_opportunity_b,
          co_window_of_opportunity_c, glass_columns_b, glass_columns_a,
          hangedman_decor_diamond_cutter, lightli_minifort
D:10:     layout_grid_maze, chequers_temple_overflow_minitemple, st_stairs_4,
          minmay_misc_feat_encased
D:11:     layout_cave_pods, uniq_lodul, uniq_fannar, uniq_josephine, uniq_urug
D:12:     nicolae_hitomezashi [nicolae_hito_row, nicolae_hito_row,
          nicolae_hito_row, nicolae_hito_row, nicolae_hito_row,
          nicolae_hito_row, nicolae_hito_row, nicolae_hito_row,
          nicolae_hito_row, nicolae_hito_row, nicolae_hito_row,
          nicolae_hito_row, nicolae_hito_row, nicolae_hito_row,
          nicolae_hito_row, nicolae_hito_row, nicolae_hito_row,
          nicolae_hito_row], layout_basic
D:13:     kennysheep_big_flooded_room, layout_small_grid, david_vaults_4,
          nemelex_lonely_heart_becter
D:14:     layout_long_grid, elyvilon_altar_5
D:15:     gammafunk_enter_depths_forms, layout_basic, abandoned_shop
Temple:   regret_index_temple_generic_petals
Lair:1:   layout_gridlike, enter_volcano_3, pdpol_lair_cavern_descent,
          infiniplex_staircase_pool
Lair:2:   layout_roguey, elwin_shoals_entry_rocks,
          eino_small_chamber_without_monster
Lair:3:   dreamdust_isle_of_ice, layout_hall_layers,
          spider_nest_entry_web_field, gammafunk_ghost_grave,
          lemuel_fruit_fields, lemuel_fruit_tree
Lair:4:   layout_gridlike, lemuel_fruit_fields
Lair:5:   minmay_lair_end_enchanted_forest, layout_long_grid, slime_entry_1
Orc:1:    giant_chief_lemuel, layout_diamond_mine
Orc:2:    kennysheep_orc_mage_school, layout_caves, uniq_donald, uniq_sonja

Skill      XL: |  1  2  3  4  5  6  7  8  9 10 11 12 13 14 15 |
---------------+----------------------------------------------+-----
Maces & Flails | 2 3 4 5 6 8 10 11 13 14 15 16 17 | 17.0
Fighting       | 5 8 10 13 14 15 18 20 | 20.0
Dodging        | 4 6 8 |  8.0
Invocations    | 4 5 8 10 | 10.0
Armour         | 7 |  7.0
Stealth        | |  3.7

Action                     |  1- 3 |  4- 6 |  7- 9 | 10-12 | 13-15 || total
---------------------------+-------+-------+-------+-------+-------++-------
  Melee: Mace              |    42 |     9 |       |       |       ||    51
         Giant club        |       |   268 |   365 |   659 |   392 ||  1684
         Giant spiked club |       |       |       |       |   629 ||   629
  Throw: Dart              |       |     2 |    10 |     7 |    30 ||    49
         Boomerang         |       |       |     3 |     1 |     8 ||    12
         Large rock        |       |       |       |     4 |     3 ||     7
 Invoke: Heroism           |       |       |       |    11 |    14 ||    25
         Finesse           |       |       |       |       |     1 ||     1
  Evoke: Wand              |     3 |     3 |     9 |    11 |     4 ||    30
    Use: Scroll            |       |       |     7 |     7 |    16 ||    30
         Potion            |       |       |     1 |     1 |     2 ||     4
   Stab: Sleeping          |       |     9 |     6 |     2 |     9 ||    26
         Paralysed         |       |       |     5 |       |       ||     5
         Distracted        |       |       |       |       |     5 ||     5
         Invisible         |       |       |       |       |     1 ||     1
 Armour: Robe              |     8 |   137 |    99 |       |       ||   244
         Steam dragon scal |       |       |     5 |    83 |       ||    88
         Troll leather arm |       |       |       |   118 |   181 ||   299
         Shadow dragon sca |       |       |       |       |    68 ||    68
  Dodge: Dodged            |    18 |   188 |   156 |   381 |   585 ||  1328
